 Dungeon Crawl Stone Soup version 0.29-a0-598-gd8304a5bf4 (webtiles) character file.

Game seed: 11149654958634318843

1 dualclasshuman the Poker (level 1, 20/20 HPs)
             Began as a Minotaur Berserker on June 15, 2022.
             Was a Follower of Trog.
             Got out of the dungeon alive.
             The game lasted 00:00:24 (318 turns).

dualclasshuman the Poker (Minotaur Berserker)        Turns: 318, Time: 00:00:25

Health: 20/20      AC:  2    Str: 21    XL:     1   Next: 16%
Magic:  0/0        EV: 12    Int:  4    God:    Trog [*.....]
Gold:   33         SH:  0    Dex:  9    Spells: 0/0 levels left

rFire   . . .      SeeInvis .   a - +0 spear
rCold   . . .      Faith    .   (no shield)
rNeg    . . .      Spirit   .   b - +0 animal skin
rPois   .          Reflect  .   (helmet restricted)
rElec   .          Harm     .   (no cloak)
rCorr   .          Rampage  .   (no gloves)
Will    .....                   (no boots)
Stlth   +.........              (no amulet)
HPRegen 0.06/turn               (no ring)
MPRegen 0.07/turn               (no ring)

@: no status effects
A: horns 2, retaliatory headbutt
a: Renounce Religion, Berserk


You escaped.
You worshipped Trog.
Trog was aware of your devotion.
You visited 1 branch of the dungeon, and saw 1 of its levels.

You collected 33 gold pieces.

Inventory:

Hand Weapons
 a - a +0 spear (weapon)
Armour
 b - a +0 animal skin (worn)


   Skills:
 + Level 3.6 Fighting
 + Level 3.6 Polearms
 + Level 2.4 Armour
 + Level 2.2 Dodging


You couldn't memorise any spells.
You didn't know any spells.
Your spell library was empty.

Dungeon Overview and Level Annotations

Branches:
Dungeon (1/15)

Altars:


Innate Abilities, Weirdness & Mutations

You have a pair of horns on your head.
You reflexively headbutt those who attack you in melee.


Message History

Trog says: Kill them all!
Press ? for a list of commands and other information.
Found a staircase leading out of the dungeon.
You don't know any spells.
Unknown command.
You now have 6 gold pieces.
You now have 11 gold pieces (gained 5).
You open the gate.
There is an open gate here.
You now have 18 gold pieces (gained 7).
You now have 23 gold pieces (gained 5).
You now have 29 gold pieces (gained 6).
Found a stone staircase leading down.
Found a robe.
You now have 33 gold pieces (gained 4).
A bat comes into view.
A bat is nearby!
A bat is nearby!
A bat is nearby!
Welcome back, dualclasshuman the Minotaur Berserker.
Trog says: Kill them all!
Press ? for a list of commands and other information.
Found 15 gold pieces.
Found a ring mail.
The bat closely misses you. The bat barely misses you.
There is a stone staircase leading down here.
You puncture the bat!
You kill the bat!
Trog accepts your kill.
No target in view!
No target in view!
Found a grey potion.
You see here a bat corpse.
You start waiting.
You start waiting.
There is an open gate here.
There is a staircase leading out of the dungeon here.
You can't go down here!
Are you sure you want to leave the Dungeon?
This will make you lose the game!
You have escaped!

#≈≈≈≈......♣P.P♣♣.##...##
#≈≈≈....♣.♣#########'''#
#≈≈≈......P# ###...##
#≈≈≈≈......# ###.......
#≈≈≈≈.....P# #.........
#≈≈≈.......# #.#.#.####
#≈≈≈.....♣♣# # #.#.# ##
#≈≈≈♣...♣♣ #.#.# #.
#≈≈≈♣..P@♣ # #.###. #≈≈
♣♣♣♣♣♣ #..... #≈ #####.
.. ##. ... ##. #. ..


There were no monsters in sight!

Vanquished Creatures
  A bat (D:1)
1 creature vanquished.

Notes
Turn   | Place    | Note
-------+----------+-------------------------------------------
     0 | D:1      | dualclasshuman the Minotaur Berserker began the quest for
                  | the Orb.
     0 | D:1      | Reached XP level 1. HP: 19/19 MP: 0/0
   318 | D:$      | Got out of the dungeon alive.

Illustrated notes

Levels and vault maps discovered:
D:1:      kennysheep_arrival_seaside, layout_loops_ring,
          chequers_ecumenical_altar_twisty, serial_glass, glass_columns_a,
          glass_columns_a

Action                   || total
-------------------------++-------
Melee: Spear             ||     1
Dodge: Dodged            ||     2

Table legend: (Time is in decaauts)
 A = Elapsed time spent in this place.
 B = Non-inter-level travel time spent in this place.
 C = Inter-level travel time spent in this place.
 D = Time resting spent in this place.
 E = Time spent auto-exploring this place.
 F = Levels seen in this place.
 G = Mean time per level.
                   A        B        C        D        E       F      G
               +--------+--------+--------+--------+--------+-----+--------+
         Total |    317 |    266 |     51 |    152 |    102 |   1 |  317.0 |
       Dungeon |    317 |    266 |     51 |    152 |    102 |   1 |  317.0 |
               +--------+--------+--------+--------+--------+-----+--------+

Top non-repeatable levels by time:
     D:1: 317 daAuts
